 Dungeon Crawl Stone Soup version 0.18-a0-1773-gec4f98e (console) character file.

314 sorlin the Insei (level 5, -3/58 HPs)
             Began as a Demigod Transmuter on Apr 14, 2016.
             Slain by Iamsock's ghost (11 damage)
             ... on level 3 of the Dungeon.
             The game lasted 00:39:36 (5045 turns).

sorlin the Insei (Demigod Transmuter)               Turns: 5045, Time: 00:39:36

Health: -3/58      AC:  2    Str: 20    XL:     5   Next: 98%
Magic:  8/10       EV: 20    Int: 17    God:
Gold:   252        SH:  0    Dex: 21    Spells: 2 memorised, 3 levels left

rFire  . . .     SeeInvis .       - Unarmed
rCold  . . .     Gourm    .     (armour currently unavailable)
rNeg   . . .     Faith    .     (shield currently unavailable)
rPois  x         Spirit   .     (helmet currently unavailable)
rElec  .         Dismiss  .     (cloak currently unavailable)
rCorr  .         Reflect  .     (gloves currently unavailable)
SustAt +         Harm     .     (boots currently unavailable)
MR     .....                    l - amulet of regeneration
Stlth  ..........               (no ring)
                                h - ring of loudness (curse)

@: berserking, spider-form (expiring), very quick, not resistant to hostile
enchantments, extremely unstealthy
A: high mp 1, sustain attributes
a: End Transformation


You were on level 3 of the Dungeon.
You were not hungry.
You were a venomous arachnid creature.
You visited 1 branch of the dungeon, and saw 3 of its levels.
You also visited: Sewer.

You collected 252 gold pieces.


Innate Abilities, Weirdness & Mutations

You have an increased reservoir of magic (+10% MP).
Your attributes are resistant to harm.


   Skills:
 - Level 0.8 Fighting
 - Level 1.7 Dodging
 + Level 6.1 Unarmed Combat
 - Level 1.7 Spellcasting
 - Level 2.2 Transmutations
 - Level 1.0 Poison Magic


You had 3 spell levels left.
You knew the following spells:

 Your Spells              Type           Power        Failure   Level  Hunger
a - Beastly Appendage     Trmt           #.....       24%         1    #......
q - Spider Form           Trmt/Pois      #.........   52%         3    ###....

Inventory:

Hand Weapons
 b - a +0 hunting sling
Missiles
 a - 42 arrows
 e - a throwing net (quivered)
 k - 16 sling bullets
Armour
 j - a +0 robe (melded)
 m - a +0 pair of gloves (melded)
 p - a +1 pair of boots (melded)
Jewellery
 h - a cursed ring of loudness (left front leg)
 l - an amulet of regeneration (around neck)
 t - an uncursed amulet of magic regeneration {unknown}
Scrolls
 r - 2 scrolls of teleportation {!r}
Potions
 g - a potion of curing
 n - a potion of invisibility {!q}
 q - a potion of lignification {unknown}
 s - 4 potions of flight
Books
 c - a book of Changes

   Spells                             Type                      Level
   a - Beastly Appendage              Transmutation                1
   b - Sticks to Snakes               Transmutation                2
   c - Spider Form                    Transmutation/Poison         3
   d - Ice Form                       Ice/Transmutation            4
   e - Blade Hands                    Transmutation                5
Comestibles
 d - a bread ration {!e}
 f - 2 meat rations {!e}


Message History

Iamsock's ghost turns its malevolent gaze towards you.
Iamsock's ghost is too close now for your liking.
Here: Iamsock's ghost The floor.
You turn into a venomous arachnid creature.
Your transformation is almost over.
You bite Iamsock's ghost!
Iamsock's ghost is moderately damaged.
Iamsock's ghost hits you.
You take 6 damage.
You hit Iamsock's ghost.
Iamsock's ghost is moderately damaged.
You closely miss Iamsock's ghost.
Iamsock's ghost is moderately damaged.
Iamsock's ghost hits you!
You take 9 damage.
You hit Iamsock's ghost but do no damage.
Iamsock's ghost is moderately damaged.
Iamsock's ghost closely misses you.
You miss Iamsock's ghost.
Iamsock's ghost is moderately damaged.
Iamsock's ghost closely misses you.
You hit Iamsock's ghost.
Iamsock's ghost is heavily damaged.
Iamsock's ghost hits you.
You take 3 damage.
You bite Iamsock's ghost!
Iamsock's ghost is severely damaged.
Iamsock's ghost completely misses you.
You closely miss Iamsock's ghost.
Iamsock's ghost is severely damaged.
Iamsock's ghost hits you!
* * * LOW HITPOINT WARNING * * *
You take 8 damage.
You are too injured to fight recklessly!
You hit Iamsock's ghost.
Iamsock's ghost is almost destroyed.
Iamsock's ghost barely misses you.
You hit Iamsock's ghost but do no damage.
Iamsock's ghost is almost destroyed.
Iamsock's ghost hits you!
* * * LOW HITPOINT WARNING * * *
You take 10 damage.
Drink which item? (? for menu, Esc to quit)
Really quaff
i - a potion of berserk rage {!q}?
A red film seems to cover your vision as you go berserk!
You feel yourself moving faster!
You feel mighty!
Iamsock's ghost sneers, "Do you call that fighting?"
Iamsock's ghost hits you!
You die...

#######....###
............. ###.#......#
#.##....# ... #......# ...
######.######## ..
..............W '.
######.######### .# #.#
##.## .#
######.######...###.###.##
................sW........
####.#.###.##...#.(...#.##
#.#.# #.###<###...##
#.#.###.###.# ##.##
#.#.........# ##
#.#####.##### #.#####.#
#.......# #########


You could see Iamsock's ghost.

Vanquished Creatures
  Jessica (D:2)
  A siren (Sewer)
  A merfolk avatar (Sewer)
  4 gnolls (D:3)
  2 river rats
  7 adders
  An ooze (D:1)
  4 worms
  3 dart slugs (D:1)
  5 giant geckos
  7 ball pythons
  7 bats
  7 giant cockroaches
  5 goblins
  3 hobgoblins
  6 jackals (D:1)
  8 giant newts
  11 kobolds
  28 rats
111 creatures vanquished.

Notes
Turn   | Place    | Note
--------------------------------------------------------------
     0 | D:1      | sorlin the Demigod Transmuter began the quest for the Orb.
     0 | D:1      | Reached XP level 1. HP: 15/15 MP: 5/5
   239 | D:1      | Reached skill level 3 in Unarmed Combat
   443 | D:1      | Upgraded the game from 0.18-a0-1764-gf4ddf0b to 0.18-a0-1773-gec4f98e
   502 | D:1      | Found a stormy altar of Qazlal.
   648 | D:1      | Reached XP level 2. HP: 22/22 MP: 7/7
  1187 | D:1      | Reached XP level 3. HP: 14/27 MP: 6/8
  1188 | D:1      | Reached skill level 4 in Unarmed Combat
  1198 | D:1      | Learned a level 3 spell: Spider Form
  1455 | D:2      | Noticed Sigmund
  2239 | D:2      | Reached skill level 1 in Poison Magic
  2241 | D:2      | HP: 8/27 [poisoned by an adder]
  2249 | D:2      | HP: 7/27 [poisoned by an adder]
  2257 | D:2      | HP: 6/27 [rat (1)]
  2266 | D:2      | HP: 3/27 [kobold/dagger (4)]
  2491 | D:2      | HP: 7/27 [Sigmund/puff of flame (5)]
  2761 | D:2      | Noticed Jessica
  2774 | D:2      | Killed Jessica
  2774 | D:2      | Reached skill level 2 in Transmutations
  2774 | D:2      | Reached XP level 4. HP: 14/34 MP: 2/9
  3451 | D:3      | Reached skill level 5 in Unarmed Combat
  3469 | D:3      | Found a glowing drain.
  3473 | Sewer    | Entered a sewer
  3483 | Sewer    | Reached XP level 5. HP: 39/39 MP: 10/10
  4235 | D:3      | Noticed Iamsock's ghost (amateur DrAK)
  4344 | D:3      | Found an ancient bone altar of Kikubaaqudgha.
  4671 | D:3      | Reached skill level 6 in Unarmed Combat
  5044 | D:3      | HP: 5/39 [Iamsock's ghost (11)]
  5045 | D:3      | Slain by Iamsock's ghost

Vault maps used:
D:1:      sevenhm_arrival_forest_fort_small_6, st_stairs_13
D:2:      uniq_jessica, uniq_sigmund
D:3:      kiku_gazebo_garden_becter, gup_sewer_entry_spiral
Sewer:    sewer_sea

Action                   |  1- 3 |  4- 6 || total
-------------------------+-------+-------++-------
Melee: Unarmed           |   164 |   221 ||   385
       Kick              |    16 |       ||    16
       Headbutt          |     7 |     5 ||    12
       Punch             |     3 |     2 ||     5
 Fire: Hunting sling     |     2 |       ||     2
 Cast: Beastly Appendage |     9 |     6 ||    15
       Spider Form       |     1 |     4 ||     5
  Use: Scroll            |     5 |     4 ||     9
       Potion            |       |     1 ||     1
  Eat: Chunk             |     4 |     9 ||    13
       Beef jerky        |     1 |       ||     1
Armor: Robe              |    35 |    40 ||    75
       Robe              |     2 |       ||     2
       Skin              |       |     8 ||     8
Dodge: Dodged            |    92 |   149 ||   241
       Dodged            |     1 |       ||     1
